Map: New Gettysburg LE

Players

Nickos - Winner!

  • Race: Terran Terran
  • League: Gold

Ropes

  • Race: Terran Terran

VOD

Have the link to the VOD?

Description

Time

  • Played on: Oct. 2, 2016, 10 p.m.
  • Length: 14:04
Show
View Real Time Build Order
Export as new Build Order

Nickos Terran - Winner!

Build Orders: MMM Bio 

Get SALT Encoding   

  12  0:01  SCV  
  13  0:13  SCV  
  14  0:18  Supply Depot  
  14  0:25  SCV  
  15  0:40  SCV  
  15  0:42  Barracks  
  16  0:52  SCV  
  17  1:04  SCV  
  18  1:16  SCV  
  19  1:21  Command Center  
  19  1:29  Orbital Command  
  19  1:32  Marine  
  20  1:41  Supply Depot  
  20  1:59  Barracks, SCV  
  21  2:07  Marine  
  22  2:11  SCV  
  23  2:23  Refinery, SCV  
  23  2:24  Refinery, Barracks  
  24  2:32  Orbital Command  
  24  2:35  SCV  
  24  2:36  Marine  
  26  2:48  SCV  
  27  2:53  Marine  
  28  2:58  SCV  
  28  3:00  SCV  
  28  3:02  Marine  
  30  3:11  SCV  
  30  3:12  SCV  
  32  3:13  Barracks Tech Lab  
  32  3:20  Marine  
  32  3:23  SCV  
  32  3:24  Supply Depot, SCV  
  35  3:34  Factory  
  35  3:35  SCV  
  36  3:41  Stimpack  
  36  3:44  Engineering Bay  
  36  3:45  Engineering Bay  
  36  3:47  Refinery  
  39  3:53  SCV x2  
  39  3:55  Barracks Reactor  
  39  4:03  Marauder  
  39  4:05  SCV  
  39  4:06  Barracks Reactor  
  39  4:09  Supply Depot, SCV  
  42  4:17  SCV  
  42  4:22  SCV  
  42  4:24  Marine  
  44  4:26  Terran Infantry Weapons Level 1  
  45  4:37  Terran Infantry Armor Level 1, SCV  
  45  4:38  SCV  
  49  4:46  Barracks x2  
  47  4:53  Starport  
  47  4:58  SCV  
  47  4:59  SCV  
  49  5:11  Command Center, SCV x2  
  49  5:12  Marine  
  49  5:13  Marine x2  
  49  5:14  Marine  
  53  5:21  Marine  
  55  5:23  SCV  
  55  5:24  Armory  
  55  5:27  Supply Depot  
  56  5:30  Supply Depot  
  56  5:31  Marine x2  
  56  5:33  SCV  
  56  5:35  SCV  
  60  5:36  Barracks Reactor  
  60  5:42  Combat Shields, Barracks Tech Lab  
  60  5:43  Marine x2  
  60  5:48  Marine  
  60  5:49  SCV x2  
  65  6:00  Marine x4  
  65  6:01  Marine  
  65  6:02  Bunker, Supply Depot  
  70  6:05  Supply Depot  
  70  6:08  Marauder  
  70  6:10  Factory Reactor  
  72  6:11  Starport Reactor  
  72  6:13  Factory Tech Lab  
  72  6:16  Marine  
  72  6:17  Marine  
  72  6:18  SCV  
  75  6:25  Supply Depot  
  75  6:31  Missile Turret  
  75  6:34  SCV  
  75  6:35  Missile Turret, SCV  
  75  6:36  Terran Infantry Weapons Level 2, Missile Turret  
  77  6:41  Terran Infantry Armor Level 2  
  77  6:46  Marine  
  77  6:47  Marine x2  
  78  6:48  Marine  
  78  6:51  Marauder  
  83  7:01  SCV x2  
  85  7:06  Marine x4  
  85  7:07  Marine x2  
  91  7:09  Missile Turret  
  91  7:15  Marine x2  
  91  7:17  Missile Turret  
  91  7:20  Supply Depot  
  91  7:21  SCV  
  94  7:28  Orbital Command  
  93  7:33  Marine x4  
  97  7:42  Supply Depot, Marine x2  
  97  7:43  Marine x2  
  101  7:49  Siege Tank  
  101  7:50  Marine  
  101  7:51  Marine  
  106  7:57  Marine x2  
  108  7:58  Medivac  
  108  7:59  Medivac  
  108  8:00  Marine  
  112  8:12  Marine x4  
  114  8:13  Marauder  
  114  8:18  Supply Depot  
  118  8:21  Supply Depot  
  113  8:31  Marauder  
  113  8:33  Marine x5  
  113  8:34  Marine  
  86  8:35  Marauder  
  88  8:47  Supply Depot  
  88  8:48  SCV x3  
  91  8:50  Marine  
  91  8:51  Marine x4  
  91  8:54  Marauder  
  91  8:55  Barracks  
  98  8:57  Barracks, Marine x2  
  98  8:58  Medivac  
  102  9:10  SCV x3  
  102  9:15  Marauder  
  102  9:16  Marauder  
  100  9:25  Marine x3  
  100  9:26  Marine x3  
  104  9:35  SCV  
  104  9:36  Marine x2, SCV x2  
  109  9:49  Command Center, Marine x2  
  109  9:50  Marine x3  
  114  9:55  Marauder x2  
  118  10:00  Supply Depot  
  118  10:02  Supply Depot  
  117  10:08  Marine x2  
  117  10:09  Marine x3  
  117  10:10  Siege Tank  
  125  10:16  Marauder x2  
  125  10:19  Terran Infantry Weapons Level 3  
  129  10:22  Terran Infantry Armor Level 3  
  129  10:24  Marine  
  129  10:26  Marine  
  129  10:27  Medivac  
  133  10:36  Supply Depot x2, Marine  
  133  10:37  Marauder, Marine  
  133  10:42  Siege Tank  
  140  10:51  Marine  
  140  10:52  Marine  
  134  11:11  Marine x3  
  134  11:12  Marine x3  
  134  11:13  Marauder x2  
  134  11:14  Medivac x2  
  138  11:31  Marine x3  
  138  11:32  Marine  
  142  11:34  Marauder  
  144  11:53  Marine  
  144  11:54  Marine x6  
  146  11:55  Marine  
  146  11:56  Medivac x2  
  154  12:11  Marine x2  
  154  12:12  Marine x4  
  154  12:13  Barracks Tech Lab x2  
  154  12:14  Marine x2  
  162  12:26  Medivac  
  162  12:29  Marine x3  
  166  12:30  Orbital Command, Marine  
  166  12:33  Marine  
  166  12:34  Marine x2  
  166  12:35  Marauder x3  
  166  12:36  Hellion  
  179  12:50  Marine x2  
  179  12:51  Marine  
  182  12:52  Marauder  
  182  12:56  Marauder  
  186  13:09  Marine  
  186  13:10  Marine x5  
  186  13:11  Marine  
  186  13:12  Widow Mine  
  157  13:36  Marine x5  
  157  13:37  Marauder, Marine  
  157  13:38  Marauder x3  
Show
View Real Time Build Order
Export as new Build Order

Ropes Terran 

Build Orders: MMM Bio 

Get SALT Encoding   

  12  0:09  SCV  
  13  0:22  Supply Depot, SCV  
  14  0:34  SCV  
  15  0:46  Barracks, SCV  
  16  0:53  Refinery  
  16  0:58  SCV  
  17  1:10  SCV  
  18  1:12  Supply Depot  
  18  1:22  SCV  
  19  1:34  Orbital Command  
  19  1:49  Barracks Reactor  
  19  2:03  Command Center  
  19  2:05  SCV  
  20  2:08  Refinery  
  20  2:17  SCV  
  21  2:27  Factory  
  21  2:29  SCV  
  21  2:39  Marine x2  
  23  2:48  Supply Depot  
  23  2:56  Marine  
  23  3:05  Barracks, SCV  
  24  3:15  Factory Tech Lab  
  24  3:18  SCV  
  24  3:19  Starport  
  25  3:28  Refinery, SCV  
  25  3:30  SCV  
  27  3:34  Marine  
  27  3:41  Widow Mine  
  30  3:50  SCV x2  
  30  3:55  Marine x2  
  34  3:57  Barracks Tech Lab  
  34  3:59  Medivac  
  34  4:02  SCV x2  
  38  4:13  Marine  
  38  4:14  SCV  
  40  4:17  Marine x2  
  40  4:23  Widow Mine  
  44  4:31  Engineering Bay  
  44  4:32  SCV  
  44  4:34  Marine  
  44  4:35  Orbital Command  
  46  4:44  Supply Depot  
  46  4:45  Starport Tech Lab  
  46  4:46  Starport Reactor  
  46  5:02  Supply Depot  
  46  5:04  Stimpack  
  46  5:06  Marauder, SCV  
  49  5:13  Terran Infantry Weapons Level 1  
  49  5:15  Supply Depot  
  49  5:18  SCV  
  49  5:19  Siege Tank, Armory  
  53  5:25  SCV  
  54  5:30  SCV  
  54  5:34  Marine  
  54  5:35  Marine  
  57  5:37  SCV  
  57  5:40  Medivac  
  60  5:49  SCV  
  61  5:50  Missile Turret  
  61  5:56  Missile Turret  
  61  6:02  Siege Tank  
  61  6:04  Marine x2  
  64  6:05  Marauder  
  64  6:08  Terran Vehicle Weapons Level 1  
  68  6:13  SCV  
  69  6:22  Marine  
  70  6:32  Supply Depot  
  70  6:36  Supply Depot  
  70  6:40  Refinery  
  70  6:44  Marine  
  70  6:53  SCV, Marine  
  70  6:54  Marauder  
  74  7:01  Supply Depot  
  74  7:02  Marine  
  74  7:03  Engineering Bay  
  74  7:05  SCV  
  74  7:06  Medivac  
  74  7:08  Barracks  
  78  7:10  Medivac  
  78  7:11  Marine  
  78  7:15  Marauder  
  83  7:20  Marine  
  84  7:36  Marauder  
  86  7:47  Marine  
  86  7:48  Marine  
  88  7:53  Medivac  
  88  7:54  Medivac  
  88  7:57  Combat Shields  
  88  7:58  Marauder  
  94  8:01  Barracks Tech Lab  
  94  8:18  Terran Infantry Armor Level 1  
  94  8:22  Terran Vehicle Weapons Level 2  
  94  8:26  Marine  
  94  8:27  Marine  
  94  8:28  Marauder  
  94  8:33  Marine  
  80  8:44  Marine  
  80  8:45  Marine  
  82  8:49  Marauder  
  82  8:51  Marauder  
  86  9:02  Marine  
  87  9:03  Marine  
  88  9:11  Marauder  
  88  9:12  Marauder  
  88  9:16  Command Center  
  92  9:20  Marine  
  67  9:32  Marauder  
  67  9:34  Marauder  
  67  9:38  Siege Tank  
  74  9:42  Marine  
  74  9:43  Marine  
  76  9:49  Terran Infantry Weapons Level 2  
  76  9:54  Marauder  
  76  9:55  Marauder  
  80  10:00  Marine  
  80  10:01  Medivac  
  80  10:02  Medivac  
  85  10:08  Starport  
  85  10:10  Siege Tank  
  85  10:13  Marine  
  89  10:14  Liberator  
  89  10:17  Marine x2  
  91  10:27  Terran Infantry Armor Level 2  
  91  10:31  SCV x2  
  91  10:35  Marauder  
  98  10:38  Planetary Fortress  
  98  10:41  Widow Mine  
  100  10:43  SCV  
  101  10:53  Refinery  
  101  10:57  SCV  
  101  10:58  Marine, SCV  
  101  10:59  Marauder  
  88  11:10  SCV  
  62  11:28  Marine x2  
  62  11:29  Marine x2  
  60  11:37  Starport Tech Lab  
  60  11:46  Marine x2  
  62  11:47  Marauder x2  
  64  12:04  Marine x2  
  68  12:08  Marauder  
  68  12:09  Marauder  
  68  12:13  Medivac x2  
  74  12:22  Marine x2  
  76  12:29  Marine  
  77  12:30  Marauder  
  79  12:41  Marine  
  79  12:42  Marine  
  81  12:44  Command Center  
  81  12:48  Marauder  
  85  12:51  Marauder  
  85  12:59  Barracks  
  85  13:01  Marine x2  
  87  13:09  Marauder  
Tags
 
Composition
MMM BioMMM Bio
League
Gold
Matchup
TvT
Race
Terran
Replay Pack
Nickos replay
Add a new tag
Caveats
  • Supply blocks, unpowered buildings, or Contaminate may cause inaccurate times.
  • Supply counts are checked every 10 seconds.